 Dungeon Crawl Stone Soup version 0.28.0-1-gb440e238dd (webtiles) character file.

Game seed: 2686164821299475661

324 croobank the Covert (level 6, -11/43 HPs)
             Began as an Octopode Delver on Feb 22, 2022.
             Was an Initiate of Vehumet.
             Shot with an arrow by a centaur (12 damage)
             ... on level 5 of the Dungeon.
             The game lasted 00:17:33 (4019 turns).

croobank the Covert (Octopode Delver)               Turns: 4019, Time: 00:17:34

Health: -11/43     AC:  1    Str: 14    XL:     6   Next: 48%
Magic:  6/6        EV: 14    Int: 12    God:    Vehumet [......]
Gold:   863        SH:  0    Dex: 13    Spells: 5/5 levels left

rFire   . . .      SeeInvis .   h - +1 dagger (venom)
rCold   . . .      Faith    .   (no shield)
rNeg    . . .      Spirit   .   (helmet restricted)
rPois   .          Reflect  .   (no amulet)
rElec   .          Harm     .   (no ring)
rCorr   .          Rampage  .   (no ring)
Will    .....                   (no ring)
Stlth   +++++.....              (no ring)
HPRegen 0.14/turn               (no ring)
MPRegen 0.10/turn               (no ring)
                                (no ring)
                                (no ring)

@: marked
A: almost no armour, amphibious, 8 rings, camouflage 1, gelatinous body 1,
(nimble swimmer 1), tentacles
a: Renounce Religion


You were on level 5 of the Dungeon.
You worshipped Vehumet.
Vehumet was noncommittal.
You visited 2 branches of the dungeon, and saw 6 of its levels.

You collected 863 gold pieces.

Inventory:

Hand Weapons
 a - a +0 hand axe
 c - a +0 arbalest
 h - a +1 dagger of venom (weapon)
 l - a +2 flail of holy wrath
Missiles
 k - a throwing net
 n - 36 stones (quivered)
Armour
 j - a +0 buckler
Wands
 e - a wand of acid (10)
 f - a wand of digging (3)
Scrolls
 b - 2 scrolls of fog
Potions
 d - 2 potions of attraction
 i - 2 potions of brilliance


   Skills:
 + Level 4.3 Fighting
 + Level 3.7 Axes
 + Level 3.7 Dodging
 + Level 8.0 Stealth


You had 5 spell levels left.
You didn't know any spells.
Your spell library was empty.

Dungeon Overview and Level Annotations

Branches:
Dungeon (5/15)             Temple (1/1) D:5

Altars:
Elyvilon
Vehumet

Annotations:
D:2 Sigmund
D:3 Grinder, Natasha, Terence


Innate Abilities, Weirdness & Mutations

You cannot wear most types of armour.
You are amphibious.
You can wear up to eight rings at the same time.
Your skin changes colour to match your surroundings (Stealth+).
Your rubbery body absorbs attacks. (AC +1, EV +1)
((You are camouflaged when in or above water. (Stealth+)))
You have tentacles for arms and can constrict up to eight enemies at once.


Message History

You hit the orc warrior but do no damage.
The orc warrior looks as sick as possible!
The orc warrior is heavily wounded.
You constrict the orc warrior.
The orc warrior escapes!
A hound skeleton comes into view.
You closely miss the orc wizard. You grab the orc wizard.
You constrict the orc wizard. The orc warrior misses you.
The orc wizard completely misses you.
You release your grip on the orc wizard.
A centaur comes into view.
You barely miss the orc warrior. Your grab misses the orc warrior.
The orc warrior is almost dead.
The orc wizard casts a spell at you.
You are confused.
The centaur moves out of view.
You hit the orc warrior.
You kill the orc warrior!
Vehumet accepts your kill.
Your Stealth skill increases to level 8!
You hit the hound skeleton. Your squeeze misses the hound skeleton.
The hound skeleton is lightly damaged.
You barely miss the centaur. The centaur hits you. The centaur misses you.
The orc wizard mumbles some strange words.
The orc wizard flickers and vanishes!
Deactivating autopickup; reactivate with Ctrl-A.
The centaur wields a +0 shortbow.
The centaur shoots an arrow.
The arrow hits you.
The centaur shoots an arrow.
The arrow hits you!
* * * LOW HITPOINT WARNING * * *
An iguana comes into view.
You are too confused!
Unknown command.
Okay, then.
You bump into the rock wall.
You feel less confused.
The centaur shoots an arrow.
The arrow hits you!
* * * LOW HITPOINT WARNING * * *
The centaur shoots an arrow.
The arrow barely misses you.
The centaur shoots an arrow.
The arrow closely misses you.
The centaur shoots an arrow.
The arrow hits you!
You die...

#........#..###
######.........
###.#.####
#.#.#... #.#.#.##
#.#.#<..
###########.#.##.#
#......#....#.##.#
#@####.#.#..#[...#
###.#
#......######
#)..# ###.##.#
#c### #.##.#
#...l{# #.##.##
####### #.....#
#######


You could see a centaur and an iguana.

Vanquished Creatures
  An orc warrior (D:5)
  Natasha (twice) (D:3)
  An iguana (D:5)
  Robin (D:4)
  2 river rats (D:5)
  A shadow imp (D:5)
  An adder skeleton (D:4)
  A worm (D:3)
  2 dart slugs (D:1)
  7 orcs
  6 bats
  7 endoplasms
  6 giant cockroaches
  16 goblins
  10 hobgoblins
  8 jackals
  4 kobolds
  3 quokkas (D:3)
  7 ball pythons
  3 frilled lizards
  9 rats
98 creatures vanquished.

Notes
Turn   | Place    | Note
-------+----------+-------------------------------------------
     0 | D:5      | croobank the Octopode Delver began the quest for the Orb.
     0 | D:5      | Reached XP level 1. HP: 16/16 MP: 1/1
    29 | D:4      | Noticed a phantom
    69 | D:3      | Noticed Grinder
   206 | D:2      | Found a faded altar of an unknown god.
   227 | D:2      | Reached XP level 2. HP: 21/21 MP: 2/2
   640 | D:1      | Reached XP level 3. HP: 15/26 MP: 3/3
   960 | D:1      | Reached skill level 7 in Stealth
  1499 | D:2      | Noticed Sigmund
  1793 | D:3      | Identified a scroll of acquirement
  1795 | D:3      | Acquired 563 gold pieces
  1817 | D:3      | Noticed Natasha
  1825 | D:3      | Killed Natasha
  1826 | D:3      | Reached XP level 4. HP: 21/32 MP: 4/4
  2086 | D:3      | Noticed Natasha
  2094 | D:3      | Killed Natasha
  2095 | D:3      | Reached XP level 5. HP: 23/37 MP: 5/5
  2406 | D:3      | Noticed Terence
  2406 | D:3      | Noticed Natasha
  2435 | D:4      | Noticed Robin
  2473 | D:4      | Killed Robin
  3563 | D:5      | Found a staircase to the Ecumenical Temple.
  3572 | Temple   | Entered the Ecumenical Temple
  3584 | Temple   | Became a worshipper of Vehumet
  3869 | D:5      | Reached XP level 6. HP: 43/43 MP: 6/6
  4006 | D:5      | Noticed an orc warrior
  4013 | D:5      | Killed an orc warrior
  4014 | D:5      | Reached skill level 8 in Stealth
  4017 | D:5      | HP: 1/43 [centaur/arrow (11)]
  4019 | D:5      | Shot with an arrow by a centaur

Illustrated notes

Levels and vault maps discovered:
D:1:      nagdon_arrival_zigzag_paths, layout_basic, chequers_garden,
          minmay_crystal_room
D:2:      layout_basic, hellmonk_ecumenical_altar_run_dry, uniq_sigmund
D:3:      layout_loops_ring, portal_sewer_entry_f, uniq_grinder, uniq_natasha,
          uniq_terence
D:4:      layout_rooms, ebering_dispersal_statue_hall, uniq_robin
D:5:      lemuel_ratsnest, layout_basic, nzn_overflow_gifts_of_might_and_magic,
          minmay_temple_entry_waves
Temple:   mainiacjoe_temple_bowtie_tessellation

Skill      XL: |  1  2  3  4  5  6 |
---------------+-------------------+-----
Stealth        | 7 8 |  8.0
Axes           | 3 |  3.7
Dodging        | 3 |  3.7
Fighting       | 4 |  4.3

Action                   |  1- 3 |  4- 6 || total
-------------------------+-------+-------++-------
Melee: Hand axe          |    37 |       ||    37
       Constrict         |    12 |    31 ||    43
       Tentacles         |     7 |    38 ||    45
       Dagger            |    34 |   135 ||   169
       Punch             |       |     3 ||     3
Throw: Stone             |       |     3 ||     3
  Use: Scroll            |     5 |     3 ||     8
       Potion            |       |     3 ||     3
 Stab: Sleeping          |    28 |     5 ||    33
       Distracted        |       |     1 ||     1
Armor: Skin              |     6 |     6 ||    12
Dodge: Dodged            |    32 |    77 ||   109
